[Event "January 2 Late 2024"]
[Site "https://www.chess.com"]
[Date "2024.01.02"]
[Round "7"]
[White "Svane, Rasmus"]
[Black "Agibileg, Uurtsaikh"]
[Result "1-0"]
[Board "34"]
[TimeControl "180+1"]
[WhiteFideId "4657101"]
[BlackFideId "4901606"]
[WhiteElo "2984"]
[BlackElo "2658"]
[WhiteTeam "GER"]
[BlackTeam "MGL"]
[WhiteClock "0:00:16"]
[BlackClock "0:00:07"]

1. Nf3 Nf6 2. g3 g6 3. Bg2 Bg7 4. O-O O-O 5. d4 d6 6. Re1 Nc6 7. d5 Nb4 8. Nc3 c6 9. e4 Bd7 10. Be3 c5 11. e5 dxe5 12. Bxc5 Na6 13. Ba3 Bg4 14. Rxe5 Qb6 15. Rxe7 Rfe8 16. Rxe8+ Rxe8 17. Qd2 Nc5 18. Re1 Nfe4 19. Nxe4 Nxe4 20. Qe3 Qa5 21. Nd2 f5 22. Nxe4 fxe4 23. d6 Bd4 24. Qb3+ Re6 25. c3 Bb6 26. Rxe4 Qf5 27. Qxe6+ Qxe6 28. Rxe6 Bxe6 29. Bxb7 1-0

[Event "January 2 Late 2024"]
[Site "https://www.chess.com"]
[Date "2024.01.02"]
[Round "7"]
[White "Mirzoev, Azer"]
[Black "Grigoriants, Sergey"]
[Result "0-1"]
[Board "35"]
[TimeControl "180+1"]
[WhiteFideId "13400304"]
[BlackFideId "4130804"]
[WhiteElo "2656"]
[BlackElo "2936"]
[WhiteTeam "AZE"]
[BlackTeam "HUN"]
[WhiteClock "0:00:00"]
[BlackClock "0:00:07"]

1. c4 g6 2. Nc3 c5 3. g3 Bg7 4. Bg2 Nc6 5. h4 h6 6. Nh3 d6 7. d3 e6 8. Nf4 Nge7 9. Bd2 Rb8 10. a3 a6 11. Rb1 b5 12. cxb5 axb5 13. b4 c4 14. dxc4 bxc4 15. b5 Nd4 16. O-O O-O 17. a4 d5 18. e4 Bb7 19. exd5 e5 20. Nfe2 Nxd5 21. Ne4 Rc8 22. a5 f5 23. a6 Ba8 24. N4c3 Nb6 25. Bxa8 Rxa8 26. Be3 Qd7 27. f3 Rad8 28. Kg2 Qe6 29. Qc1 Nb3 30. Qc2 Rd3 31. Bxb6 Rd2 32. Qxd2 Nxd2 33. Bf2 e4 34. fxe4 fxe4 35. Be3 Nxf1 36. Rxf1 Rxf1 37. Kxf1 Bxc3 38. Nxc3 Qf6+ 39. Kg2 Qxc3 40. a7 Qa3 41. b6 Qa6 42. Kf2 Kf7 43. Ke2 Ke6 44. Kd2 Kd5 45. Kc3 Kc6 46. Kd4 Kb7 47. Kxe4 Qa3 48. Bd4 Qd3+ 49. Kd5 c3 0-1

[Event "January 2 Late 2024"]
[Site "https://www.chess.com"]
[Date "2024.01.02"]
[Round "7"]
[White "Yoo, Christopher Woojin"]
[Black "Niedbala, Bartlomiej"]
[Result "1-0"]
[Board "36"]
[TimeControl "180+1"]
[WhiteFideId "30909694"]
[BlackFideId "21834008"]
[WhiteElo "2925"]
[BlackElo "2652"]
[WhiteTeam "USA"]
[BlackTeam "POL"]
[WhiteClock "0:00:03"]
[BlackClock "0:00:00"]

1. e4 Nf6 2. e5 Nd5 3. d4 d6 4. Nf3 dxe5 5. Nxe5 c6 6. Bc4 Nd7 7. Qe2 Nxe5 8. Qxe5 Qd6 9. Qxd6 exd6 10. Bxd5 cxd5 11. O-O Be6 12. c3 Kd7 13. Na3 Be7 14. Be3 Rhe8 15. Nc2 Bf5 16. Nb4 Be6 17. a4 a5 18. Nd3 Bf5 19. Nf4 Kc6 20. Nh5 Bf8 21. Rfc1 g6 22. Nf6 Re6 23. Nxd5 Kxd5 24. c4+ Ke4 25. Rc3 Bg4 26. h3 h5 27. hxg4 hxg4 28. Rb3 Re7 29. Re1 Rc7 30. Rb5 Rxc4 31. Bg5+ Kd3 32. Rd1+ Ke2 33. Rd2+ Ke1 34. Rb3 Re8 35. Rdd3 Re2 36. Rxb7 f6 37. Bh4 g5 38. Bg3 Rd2 39. f3+ Ke2 40. Rxd2+ Kxd2 41. fxg4 Rxd4 42. Rf7 Bh6 43. Rxf6 Bg7 44. Rg6 Be5 45. Bxe5 dxe5 46. Rxg5 e4 47. Re5 e3 48. g3 e2 49. Kf2 Rd5 50. Rxe2+ Kc1 51. Kf3 Kb1 52. Kf4 Ka2 53. g5 Rd2 54. Rxd2 1-0

[Event "January 2 Late 2024"]
[Site "https://www.chess.com"]
[Date "2024.01.02"]
[Round "7"]
[White "Martin Fuentes, Alberto"]
[Black "Santos Latasa, Jaime"]
[Result "1/2-1/2"]
[Board "37"]
[TimeControl "180+1"]
[WhiteFideId "2292289"]
[BlackFideId "2293307"]
[WhiteElo "2650"]
[BlackElo "2912"]
[WhiteTeam "ESP"]
[BlackTeam "ESP"]
[WhiteClock "0:00:23"]
[BlackClock "0:00:29"]

1. e4 c5 2. Nc3 Nc6 3. g3 g6 4. Bg2 Bg7 5. d3 e6 6. Be3 d6 7. Qd2 Rb8 8. Nge2 b5 9. O-O Nd4 10. Nc1 h5 11. h3 b4 12. Nd1 Ne7 13. c3 Ndc6 14. Ne2 a5 15. f4 Ba6 16. f5 Be5 17. fxe6 fxe6 18. Nf4 Qd7 19. h4 O-O 20. Nf2 bxc3 21. bxc3 Rf6 22. N2h3 Rbf8 23. Ng5 Bxf4 24. Bxf4 e5 25. Be3 Nd8 26. Rxf6 Rxf6 27. Bh3 Qb5 28. d4 cxd4 29. cxd4 Ndc6 30. d5 Nb4 31. Ne6 Qd3 32. a3 Nc2 33. Qxd3 Bxd3 34. Bg5 Nxa1 35. Bxf6 Kf7 36. Bh8 Nb3 37. Ng5+ Kf8 38. Kf2 Nc5 39. Ke3 Bc2 40. Ne6+ Nxe6 41. Bxe6 Ng8 42. Kf3 Bd1+ 43. Kf2 Bg4 44. Bxg8 Kxg8 45. Bf6 Kf7 46. Bd8 a4 47. Ke3 Ke8 48. Bg5 Kd7 49. Bh6 Bh3 50. Bg5 Bg2 51. Bh6 Bh1 52. Bg5 Bg2 53. Bh6 Bh1 54. Bg5 1/2-1/2

[Event "January 2 Late 2024"]
[Site "https://www.chess.com"]
[Date "2024.01.02"]
[Round "7"]
[White "Veljanoski, Andrej"]
[Black "Harsha Bharathakoti"]
[Result "0-1"]
[Board "38"]
[TimeControl "180+1"]
[WhiteFideId "15003604"]
[BlackFideId "5078776"]
[WhiteElo "2627"]
[BlackElo "2908"]
[WhiteTeam "MKD"]
[BlackTeam "IND"]
[WhiteClock "0:02:15"]
[BlackClock "0:01:58"]

1. Nf3 Nf6 2. c4 g6 3. b3 Bg7 4. Bb2 O-O 5. g3 c5 6. Bg2 d6 7. O-O e5 8. d3 Nc6 9. Nc3 h6 10. Nd5 Nxd5 11. cxd5 Ne7 12. Nd2 h5 13. h4 Bg4 14. a4 Qd7 15. Kh2 Nf5 16. Nc4 g5 17. e4 Bxd1 0-1

[Event "January 2 Late 2024"]
[Site "https://www.chess.com"]
[Date "2024.01.02"]
[Round "7"]
[White "Brown_Mamba24"]
[Black "Brodsky, David"]
[Result "0-1"]
[Board "39"]
[TimeControl "180+1"]
[BlackFideId "2073250"]
[WhiteElo "2625"]
[BlackElo "2881"]
[BlackTeam "USA"]
[WhiteClock "0:00:01"]
[BlackClock "0:00:06"]

1. d4 Nf6 2. c4 e6 3. g3 c5 4. dxc5 Bxc5 5. Bg2 O-O 6. Nc3 d5 7. cxd5 exd5 8. e3 Nc6 9. Nge2 Bg4 10. O-O d4 11. Bxc6 dxc3 12. Bb5 Qb6 13. Qb3 Be6 14. Bc4 Bxc4 15. Qxc4 cxb2 16. Rb1 bxc1=Q 17. Rfxc1 Qa5 18. Qxc5 Qxa2 19. Nc3 Qa6 20. Nb5 Ne4 21. Qe7 Rae8 22. Qh4 Qa2 23. Rf1 Nd2 24. Nc3 Qxb1 25. Nxb1 Nf3+ 26. Kg2 Nxh4+ 27. gxh4 Rc8 28. f4 Rfd8 29. Kg3 h5 30. f5 Rc4 31. h3 b5 32. Re1 b4 33. e4 a5 34. Kf4 a4 35. Re2 a3 36. Ra2 Rc1 37. Nd2 Rc3 38. Nb1 Rxh3 39. Kg5 Rg3+ 40. Kxh5 Rd1 41. Nxa3 Rxa3 42. Rc2 Rc3 43. Ra2 Rc5 44. Ra8+ Kh7 45. Kg5 f6+ 46. Kf4 Rf1+ 47. Ke3 Re5 48. Rb8 Re1+ 49. Kd2 R1xe4 50. Kd3 Rxh4 51. Kc2 Rxf5 52. Kb3 Rf3+ 53. Kb2 Rh2+ 54. Kb1 Rf1# 0-1

[Event "January 2 Late 2024"]
[Site "https://www.chess.com"]
[Date "2024.01.02"]
[Round "7"]
[White "Golubev, Mikhail"]
[Black "Rustemov, Alexander"]
[Result "1-0"]
[Board "40"]
[TimeControl "180+1"]
[WhiteFideId "14100983"]
[BlackFideId "4119002"]
[WhiteElo "2620"]
[BlackElo "2865"]
[WhiteTeam "UKR"]
[BlackTeam "RUS"]
[WhiteClock "0:00:05"]
[BlackClock "0:00:07"]

1. e4 e6 2. d4 d5 3. Nc3 dxe4 4. Nxe4 Bd7 5. Nf3 Bc6 6. Bd3 Nd7 7. O-O Ngf6 8. Ned2 Be7 9. b3 O-O 10. Bb2 b5 11. c4 bxc4 12. bxc4 Rb8 13. Qc2 h6 14. Rfe1 Bb4 15. Re2 Qc8 16. a3 Bd6 17. Bc3 Rd8 18. Ne5 Ba8 19. Rae1 Nf8 20. Ndf3 Bxa3 21. d5 exd5 22. Bf5 Qb7 23. Nxf7 Kxf7 24. Bxf6 gxf6 25. Be6+ Kg7 26. Qf5 Ng6 27. Qg4 h5 28. Qxh5 Rh8 29. Qg4 Rh6 30. Bf5 Kf7 31. Be6+ Kg7 32. Bf5 Rg8 33. Nh4 d4 34. Nxg6 Qxg2+ 35. Qxg2 Bxg2 36. Re7+ Bxe7 37. Rxe7# 1-0

[Event "January 2 Late 2024"]
[Site "https://www.chess.com"]
[Date "2024.01.02"]
[Round "7"]
[White "Remizov, Yaroslav"]
[Black "Coca Cubillos, Jesus Alberto"]
[Result "1-0"]
[Board "41"]
[TimeControl "180+1"]
[WhiteFideId "34134015"]
[BlackFideId "4462912"]
[WhiteElo "2836"]
[BlackElo "2620"]
[WhiteTeam "RUS"]
[BlackTeam "COL"]
[WhiteClock "0:01:01"]
[BlackClock "0:02:18"]

1. e4 g6 2. d4 Bg7 3. Nc3 Nh6 4. h4 f6 5. Nge2 d6 6. Ng3 Nc6 7. Bc4 Nf7 8. Be3 e5 9. h5 g5 10. h6 Bf8 11. Qh5 Qd7 12. Nd5 Be7 13. Nf5 Bd8 14. Ng7+ Kf8 15. O-O-O exd4 16. Bxd4 Nxd4 17. Rxd4 c6 18. Ne3 Bb6 19. Ne6+ Ke8 20. Rxd6 Bxe3+ 21. fxe3 Qe7 22. Rd8+ Qxd8 23. Nxd8 Kxd8 24. Qxf7 Bd7 25. Rd1 1-0

[Event "January 2 Late 2024"]
[Site "https://www.chess.com"]
[Date "2024.01.02"]
[Round "7"]
[White "Luo, Terry"]
[Black "Bachmann, Axel"]
[Result "1/2-1/2"]
[Board "42"]
[TimeControl "180+1"]
[WhiteFideId "30931045"]
[BlackFideId "3700488"]
[WhiteElo "2618"]
[BlackElo "2822"]
[WhiteTeam "USA"]
[BlackTeam "PAR"]
[WhiteClock "0:00:05"]
[BlackClock "0:00:25"]

1. d4 Nf6 2. Nc3 e6 3. Bf4 d5 4. e3 a6 5. g4 Bb4 6. Ne2 Nxg4 7. Rg1 Qh4 8. Bg3 Qe7 9. a3 Bd6 10. Bxd6 cxd6 11. Rxg4 f5 12. Rg1 O-O 13. Qd2 Nd7 14. O-O-O b5 15. Nf4 Nb6 16. Be2 Bd7 17. Rg3 Nc4 18. Bxc4 bxc4 19. Rdg1 Rf7 20. Nh5 g6 21. Nf4 Rg7 22. h4 Qxh4 23. Rg5 Rf8 24. Qe2 e5 25. dxe5 dxe5 26. Nfxd5 Be6 27. Kb1 Rb7 28. f4 e4 29. Qg2 Qh6 30. Rxg6+ hxg6 31. Qxg6+ Qxg6 32. Rxg6+ Kh7 33. Rxe6 Rfb8 34. Na4 Rd8 35. Re5 Kh6 36. Nc5 Rb5 37. Re6+ Kg7 38. Re7+ Kh6 39. Re6+ Kg7 40. Re7+ Kh6 41. Re6+ 1/2-1/2

[Event "January 2 Late 2024"]
[Site "https://www.chess.com"]
[Date "2024.01.02"]
[Round "7"]
[White "Poltorak, Sebastian"]
[Black "Lashkin, Jegor"]
[Result "1-0"]
[Board "43"]
[TimeControl "180+1"]
[WhiteFideId "1199498"]
[BlackFideId "13907808"]
[WhiteElo "2616"]
[BlackElo "2818"]
[WhiteTeam "POL"]
[BlackTeam "MDA"]
[WhiteClock "0:00:04"]
[BlackClock "0:00:00"]

1. e4 c6 2. Nc3 d5 3. Nf3 dxe4 4. Nxe4 Nf6 5. Qe2 Nxe4 6. Qxe4 Nd7 7. Bc4 Nf6 8. Qe2 Bf5 9. d4 e6 10. O-O Be7 11. c3 O-O 12. Bf4 Nd5 13. Bg3 a5 14. Rfe1 a4 15. a3 b5 16. Ba2 Qb6 17. Rad1 Rad8 18. Ne5 h6 19. h3 Bg5 20. Nd3 Be7 21. Bb1 Rfe8 22. Ba2 Bf8 23. Kh2 Rc8 24. Be5 Rcd8 25. Bg3 Bh7 26. Be5 Bg6 27. Bg3 Bf5 28. Be5 Rc8 29. Bg3 Red8 30. Be5 Qa7 31. Rg1 Bg6 32. h4 f6 33. Bg3 Re8 34. Rge1 Qf7 35. Nf4 Bf5 36. Bb1 Bxb1 37. Rxb1 Bd6 38. Qg4 Bxf4 39. Bxf4 h5 40. Qg3 Kh7 41. Re2 Qg6 42. Rbe1 Qf5 43. Bc1 Re7 44. Qh3 Qxh3+ 45. Kxh3 Rce8 46. g3 Kg6 47. f3 Kf7 48. Bd2 Nb6 49. g4 Rh8 50. Kg3 Nc4 51. Bf4 Ree8 52. Bc1 Re7 53. Bf4 Rh7 54. Bc1 Re8 55. Bf4 Nb6 56. Bc1 Nd5 57. Bd2 Rhh8 58. Bc1 g6 59. g5 fxg5 60. Bxg5 Rhf8 61. Re5 Nb6 62. Bh6 Rg8 63. Bc1 Nc4 64. R5e2 Re7 65. Bg5 Ree8 66. Bc1 Nb6 67. Re4 Nd5 68. Re5 Re7 69. Bg5 Ree8 70. R1e2 Rg7 71. Kf2 Rgg8 72. Ke1 Nb6 73. Kd1 Nc4 74. Rc5 Rc8 75. Kc2 Rge8 76. Bc1 Nb6 77. Rg5 Nd5 78. Reg2 Ne7 79. Re5 Rg8 80. Bg5 Nf5 81. Rge2 Rge8 82. Re1 Rc7 83. Kd3 Rd7 84. Kc2 Rd5 85. f4 Rd7 86. R1e2 Nd6 87. Re1 Rc7 88. R5e2 Nf5 89. Re5 Rd7 90. Rc5 Rd6 91. Rce5 Rc8 92. R5e2 Re8 93. Re5 Rd5 94. R1e2 Ng7 95. Bh6 Nf5 96. Bg5 Nd6 97. Re1 Nc4 98. R5e2 Nb6 99. Re5 Nd7 100. R5e4 Rf5 101. R1e2 Rd5 102. Re1 Nb8 103. R1e2 Na6 104. Re5 Nc7 105. Re1 Rd7 106. Rf1 Nd5 107. Rfe1 Rc7 108. R1e2 c5 109. dxc5 Rxc5 110. Kb1 Rc4 111. Rf2 Rc6 112. Rfe2 Rec8 113. R2e4 Rb8 114. Rd4 Rb7 115. Rd2 Rd7 116. Rde2 Rcd6 117. Kc2 Rb7 118. Kb1 Rbb6 119. Bh6 Rd7 120. Bg5 Rc6 121. R5e4 Nb6 122. Re5 Rd5 123. Kc2 Rcd6 124. Rxd5 Nxd5 125. Re4 Rc6 126. Re5 Rc4 127. Kd3 Rc5 128. Re4 Rc6 129. Rd4 Ke8 130. c4 bxc4+ 131. Rxc4 Rb6 132. Kd4 Rxb2 133. Rxa4 Rb3 134. Ke5 Kd7 135. Ra7+ Nc7 136. Kf6 Kc6 137. Kxg6 1-0

[Event "January 2 Late 2024"]
[Site "https://www.chess.com"]
[Date "2024.01.02"]
[Round "7"]
[White "Ambartsumova, Karina"]
[Black "Pakleza, Zbigniew"]
[Result "0-1"]
[Board "44"]
[TimeControl "180+1"]
[WhiteFideId "4166299"]
[BlackFideId "1119290"]
[WhiteElo "2615"]
[BlackElo "2810"]
[WhiteTeam "RUS"]
[BlackTeam "POL"]
[WhiteClock "0:00:07"]
[BlackClock "0:00:04"]

1. d4 c5 2. d5 e6 3. c4 exd5 4. cxd5 d6 5. Nc3 g6 6. Nf3 Bg7 7. e4 a6 8. a4 Ne7 9. Be2 O-O 10. O-O h6 11. h3 g5 12. Nd2 Nd7 13. Nc4 Ne5 14. Nxe5 Bxe5 15. f4 Bd4+ 16. Kh1 Ng6 17. fxg5 hxg5 18. Bg4 f6 19. Bf5 Kg7 20. Bd2 Rh8 21. Qe2 Bxf5 22. exf5 Ne5 23. Be3 g4 24. Bxd4 cxd4 25. Ne4 gxh3 26. g3 Rc8 27. Rf4 d3 28. Qe3 Qa5 29. Rh4 Qxd5 30. Rf1 d2 31. Qxd2 Qxd2 32. Nxd2 d5 33. Rxh8 Kxh8 34. Nb3 Rc2 35. Rd1 Nf3 0-1

[Event "January 2 Late 2024"]
[Site "https://www.chess.com"]
[Date "2024.01.02"]
[Round "7"]
[White "Melian, Juan Sebastian"]
[Black "Lysyj, Igor"]
[Result "0-1"]
[Board "45"]
[TimeControl "180+1"]
[WhiteFideId "3706575"]
[BlackFideId "4150120"]
[WhiteElo "2609"]
[BlackElo "2809"]
[WhiteTeam "PAR"]
[BlackTeam "FID"]
[WhiteClock "0:00:03"]
[BlackClock "0:00:07"]

1. d4 d5 2. c4 e6 3. Nf3 Nf6 4. g3 Be7 5. Bg2 O-O 6. O-O dxc4 7. Qc2 a6 8. Rd1 b5 9. Ne5 Nd5 10. a4 Bb7 11. Bd2 Nc6 12. e3 Nxe5 13. dxe5 Qc8 14. Qe4 c5 15. Qg4 Rd8 16. e4 Nb4 17. Nc3 Bc6 18. Bg5 Bxg5 19. Qxg5 Nd3 20. axb5 axb5 21. Rxa8 Qxa8 22. Bf1 h6 23. Qe3 Nxe5 24. Rxd8+ Qxd8 25. Qxc5 Nf3+ 26. Kg2 Nd4 27. f3 Qd7 28. Kf2 f5 29. exf5 exf5 30. Be2 Nb3 31. Qe3 Kh7 32. h4 Qd6 33. Bd1 Nd4 34. Be2 Ne6 35. Bd1 f4 36. gxf4 Nxf4 37. Bc2+ Kg8 38. Ne4 Bxe4 39. Qxe4 Nd3+ 40. Ke3 Qc5+ 41. Kd2 Qf2+ 42. Kc3 b4+ 43. Kxc4 Qxc2+ 44. Kd4 Qxb2+ 45. Kxd3 Qb1+ 46. Kd4 Qxe4+ 47. fxe4 g5 48. hxg5 hxg5 0-1

[Event "January 2 Late 2024"]
[Site "https://www.chess.com"]
[Date "2024.01.02"]
[Round "7"]
[White "Zomorrodian, Eilia"]
[Black "Lagarde, Maxime"]
[Result "1/2-1/2"]
[Board "46"]
[TimeControl "180+1"]
[WhiteFideId "12551805"]
[BlackFideId "662399"]
[WhiteElo "2596"]
[BlackElo "2794"]
[WhiteTeam "CAN"]
[BlackTeam "FRA"]
[WhiteClock "0:00:08"]
[BlackClock "0:00:06"]

1. e4 c6 2. d4 d5 3. exd5 cxd5 4. c4 Nf6 5. Nc3 e6 6. c5 b6 7. b4 a5 8. Na4 Nbd7 9. Bb5 bxc5 10. bxc5 Ba6 11. Bxa6 Rxa6 12. Qd3 Qc8 13. Nf3 Be7 14. O-O O-O 15. h3 Qc6 16. Bf4 Rfa8 17. Nc3 a4 18. Nb5 Rc8 19. Rab1 Ne4 20. Nd2 h6 21. Rfe1 Ndf6 22. f3 Nxd2 23. Qxd2 Nh5 24. Be5 Bg5 25. f4 Bh4 26. Re3 Ng3 27. Nd6 Rf8 28. f5 Nxf5 29. Nxf5 exf5 30. Rf3 Bg5 31. Qf2 g6 32. h4 Be7 33. h5 Bg5 34. hxg6 fxg6 35. g4 f4 36. Bxf4 Qe6 37. Bxg5 Qxg4+ 38. Rg3 Qe4 39. Qe1 hxg5 40. Qxe4 dxe4 41. Rxg5 Kh7 42. Re5 Rf4 43. Re1 e3 44. R1xe3 Rxd4 45. Re7+ Kh6 46. a3 Rg4+ 47. Kf2 Rf6+ 48. Ke2 Rc4 49. R3e5 Rf5 50. Rxf5 gxf5 51. Rc7 Kg5 52. Kd3 Rc1 53. Kd4 Kf4 54. Rf7 Ra1 55. c6 Rd1+ 56. Kc5 Rc1+ 57. Kb6 Ke4 58. c7 f4 59. Rf6 f3 60. Rc6 Rxc6+ 61. Kxc6 f2 62. c8=Q f1=Q 63. Qe6+ Kd4 64. Qd5+ Kc3 65. Qc5+ Qc4 66. Kb6 Qxc5+ 67. Kxc5 Kb3 68. Kd4 Kxa3 69. Kc3 Ka2 70. Kc2 a3 71. Kc1 Kb3 72. Kb1 a2+ 73. Ka1 Ka3 1/2-1/2

[Event "January 2 Late 2024"]
[Site "https://www.chess.com"]
[Date "2024.01.02"]
[Round "7"]
[White "Palczert, Matyas"]
[Black "Krzyzanowski, Marcin"]
[Result "0-1"]
[Board "47"]
[TimeControl "180+1"]
[WhiteFideId "784958"]
[BlackFideId "1132199"]
[WhiteElo "2589"]
[BlackElo "2784"]
[WhiteTeam "HUN"]
[BlackTeam "POL"]
[WhiteClock "0:00:08"]
[BlackClock "0:00:43"]

1. d4 Nf6 2. Nc3 d5 3. e4 Nxe4 4. Nxe4 dxe4 5. Be3 e6 6. Qd2 Be7 7. O-O-O O-O 8. f3 c5 9. dxc5 Qxd2+ 10. Rxd2 exf3 11. Nxf3 Nd7 12. b4 a5 13. c3 Nf6 14. Bc4 Ne4 15. Rc2 Bd7 16. Bd3 Nf6 17. Ne5 Ba4 18. Rb2 Nd5 19. Bd4 axb4 20. cxb4 Rfd8 21. Nf3 Nf4 22. Bc4 Bc6 23. Rd1 Bd5 24. Bxd5 Rxd5 25. g3 Ra3 26. gxf4 Rxf3 27. Be5 Rxd1+ 28. Kxd1 f6 29. Bc7 Ra3 30. Rd2 Kf7 31. Kc1 Rc3+ 32. Kb2 Re3 33. a4 e5 34. fxe5 fxe5 35. a5 e4 36. c6 bxc6 37. a6 Bxb4 38. Rd4 Bc3+ 39. Ka2 Bxd4 0-1

[Event "January 2 Late 2024"]
[Site "https://www.chess.com"]
[Date "2024.01.02"]
[Round "7"]
[White "Roberson, Peter T"]
[Black "Le, Quang Long"]
[Result "0-1"]
[Board "48"]
[TimeControl "180+1"]
[WhiteFideId "412384"]
[BlackFideId "12401749"]
[WhiteElo "2586"]
[BlackElo "2780"]
[WhiteTeam "ENG"]
[BlackTeam "CAN"]
[WhiteClock "0:00:00"]
[BlackClock "0:00:41"]

1. b3 Nf6 2. Bb2 e6 3. e3 c5 4. f4 b6 5. Nf3 Bb7 6. Bd3 d6 7. O-O Nc6 8. Nc3 Qd7 9. Qe2 a6 10. a4 Nb4 11. e4 Nxd3 12. Qxd3 Be7 13. Rae1 O-O 14. f5 e5 15. Nd5 Bxd5 16. exd5 b5 17. axb5 Qxb5 18. c4 Qb6 19. Ng5 Rfb8 20. Rf3 a5 21. Bc1 a4 22. bxa4 Rxa4 23. Ne4 Qb1 24. Nxf6+ Bxf6 25. Qxb1 Rxb1 26. d3 Raa1 27. Rff1 Rb3 28. Rd1 h5 29. Be3 Ra2 30. Rf2 Raa3 31. Rfd2 e4 32. Bf4 Bd4+ 33. Kf1 exd3 34. Bxd6 Be3 35. Be7 f6 36. d6 Kf7 37. g3 Bxd2 38. Rxd2 Rc3 39. Kf2 Rc2 40. Ke3 Rxd2 41. Kxd2 Ke8 42. Ke3 Rc3 43. h3 d2+ 44. Kxd2 Rxg3 0-1

[Event "January 2 Late 2024"]
[Site "https://www.chess.com"]
[Date "2024.01.02"]
[Round "7"]
[White "Timmermans, Mark"]
[Black "Asish Panda"]
[Result "1/2-1/2"]
[Board "49"]
[TimeControl "180+1"]
[WhiteFideId "1026399"]
[BlackFideId "45012458"]
[WhiteElo "2773"]
[BlackElo "2562"]
[WhiteTeam "NED"]
[BlackTeam "IND"]
[WhiteClock "0:00:49"]
[BlackClock "0:00:13"]

1. b4 d5 2. Bb2 Nf6 3. e3 e6 4. b5 c5 5. c4 Be7 6. Nf3 O-O 7. Be2 a6 8. a4 axb5 9. axb5 Rxa1 10. Bxa1 Nbd7 11. O-O Nb6 12. cxd5 Nfxd5 13. Nc3 Bf6 14. Ne4 Bxa1 15. Qxa1 c4 16. Rc1 Bd7 17. Ne5 Bxb5 18. Nxc4 Bxc4 19. Bxc4 Nxc4 20. Rxc4 Nf6 21. Nxf6+ gxf6 22. Qb2 Qe7 23. h3 Rd8 24. Rg4+ Kf8 25. Rf4 e5 26. Rb4 Rd7 27. Qc3 Rc7 28. Qa3 Qc5 29. Qa8+ Ke7 30. Rxb7 Rxb7 31. Qxb7+ Kf8 32. Qe4 Qc1+ 33. Kh2 Qxd2 34. Kg3 Kg7 35. Qg4+ Kh8 36. Qf5 Qd8 37. h4 Qg8+ 38. Kh3 Qg6 39. Qc8+ Kg7 40. g4 Qe4 41. Kg3 Qh1 42. Qf5 Qg1+ 43. Kf3 Qh1+ 44. Kg3 Qg1+ 45. Kh3 Qh1+ 46. Kg3 1/2-1/2

[Event "January 2 Late 2024"]
[Site "https://www.chess.com"]
[Date "2024.01.02"]
[Round "7"]
[White "Lie, Kjetil A."]
[Black "Lewicki, Miroslaw"]
[Result "1-0"]
[Board "50"]
[TimeControl "180+1"]
[WhiteFideId "1501984"]
[BlackFideId "1113380"]
[WhiteElo "2753"]
[BlackElo "2558"]
[WhiteTeam "NOR"]
[BlackTeam "POL"]
[WhiteClock "0:00:07"]
[BlackClock "0:00:02"]

1. c4 Nf6 2. g3 e6 3. Bg2 d5 4. Nf3 Be7 5. O-O O-O 6. b3 dxc4 7. bxc4 c5 8. Nc3 Nc6 9. d3 e5 10. Rb1 h6 11. Be3 Rb8 12. Nd2 Nd4 13. Nde4 Nxe4 14. dxe4 Be6 15. Nd5 Bxd5 16. exd5 Qa5 17. Bxd4 cxd4 18. Rb5 Qxa2 19. Qd3 Rfc8 20. Rc1 b6 21. h4 Rc7 22. Qf5 Bd6 23. Be4 Rxc4 24. Rxc4 Qxc4 25. Qh7+ Kf8 26. Bd3 Qa2 27. Qh8+ Ke7 28. Qxg7 a6 29. Rb1 Qxd5 30. Qxh6 b5 31. Qg5+ f6 32. Qg4 Rg8 33. Qh5 Qf7 34. Qf3 Rb8 35. Rc1 Qe6 36. Rc6 b4 37. Rxa6 b3 38. Ra7+ Kd8 39. Bf5 e4 40. Qg4 b2 41. Bxe6 b1=Q+ 42. Kg2 Be7 43. Rd7+ Ke8 44. Qg8+ Bf8 45. Qf7# 1-0

[Event "January 2 Late 2024"]
[Site "https://www.chess.com"]
[Date "2024.01.02"]
[Round "7"]
[White "Tristan, Leonardo"]
[Black "Przybylski, Wojciech"]
[Result "1-0"]
[Board "51"]
[TimeControl "180+1"]
[WhiteFideId "113816"]
[BlackFideId "1117599"]
[WhiteElo "2749"]
[BlackElo "2555"]
[WhiteTeam "ARG"]
[BlackTeam "POL"]
[WhiteClock "0:01:23"]
[BlackClock "0:00:53"]

1. d4 Nf6 2. Nf3 e6 3. Bf4 b6 4. e3 Bb7 5. Nbd2 d6 6. h3 Nbd7 7. a4 a5 8. Be2 Be7 9. O-O O-O 10. Bh2 Re8 11. Bb5 c6 12. Bd3 c5 13. c3 Bf8 14. Bb5 e5 15. dxe5 dxe5 16. Nc4 e4 17. Nfe5 Bc8 18. Nc6 Bb7 19. Nxd8 Raxd8 20. Bc7 Rc8 21. Bxb6 Nxb6 22. Nxb6 Rcd8 23. Bxe8 Rxd1 24. Rfxd1 Nxe8 25. Rd8 Nf6 26. Rad1 h5 27. Rb8 Bc6 28. Rdd8 Nh7 29. Rdc8 Bxa4 30. Nxa4 g6 31. Nxc5 Kg7 32. Rxf8 Nxf8 33. Rxf8 Kxf8 34. Nxe4 Ke7 35. Kf1 Ke6 36. Ke2 Ke5 37. Kd3 f5 38. Nc5 Kd5 39. Nb3 a4 40. c4+ Ke5 41. f4+ Kf6 42. Nc5 a3 43. bxa3 1-0

[Event "January 2 Late 2024"]
[Site "https://www.chess.com"]
[Date "2024.01.02"]
[Round "7"]
[White "Gulamali, Kazim"]
[Black "Korchmar, Vasiliy"]
[Result "1-0"]
[Board "52"]
[TimeControl "180+1"]
[WhiteFideId "2024764"]
[BlackFideId "24131750"]
[WhiteElo "2551"]
[BlackElo "2743"]
[WhiteTeam "USA"]
[BlackTeam "RUS"]
[WhiteClock "0:00:06"]
[BlackClock "0:00:00"]

1. e4 c5 2. d4 cxd4 3. Nf3 d6 4. Nxd4 Nf6 5. Nc3 Nc6 6. Bb5 Bd7 7. Bg5 e6 8. O-O Be7 9. Qd3 O-O 10. Rad1 a6 11. Bxc6 bxc6 12. e5 dxe5 13. Nf3 Nd5 14. Bxe7 Qxe7 15. Nxe5 Rfd8 16. Ne4 Be8 17. c4 Nb4 18. Qb3 c5 19. Qe3 Rac8 20. Rxd8 Qxd8 21. Nxc5 Nc2 22. Qd3 Qg5 23. Ned7 Nb4 24. Qd6 Bxd7 25. Nxd7 a5 26. a3 Nc6 27. Nb6 Rd8 28. Qxc6 h5 29. c5 Rd2 30. Nc4 Rc2 31. Qe8+ Kh7 32. Ne3 Rxb2 33. c6 Qf4 34. g3 1-0

[Event "January 2 Late 2024"]
[Site "https://www.chess.com"]
[Date "2024.01.02"]
[Round "7"]
[White "Silva, Kaua Marques"]
[Black "Msellek, Ilyass"]
[Result "0-1"]
[Board "53"]
[TimeControl "180+1"]
[WhiteFideId "22701168"]
[BlackFideId "675938"]
[WhiteElo "2547"]
[BlackElo "2741"]
[WhiteTeam "BRA"]
[BlackTeam "MAR"]
[WhiteClock "0:00:20"]
[BlackClock "0:01:52"]

1. e4 Nf6 2. Nc3 d5 3. e5 Nfd7 4. d4 c5 5. Nxd5 cxd4 6. Qxd4 Nb6 7. Bb5+ Nc6 8. c4 e6 9. Bg5 Qd7 10. O-O-O exd5 11. e6 fxe6 12. Qg4 a6 13. cxd5 Nxd5 14. Bd3 Ne5 15. Qe4 Nxd3+ 16. Rxd3 Qc6+ 17. Kb1 Nc3+ 0-1

[Event "January 2 Late 2024"]
[Site "https://www.chess.com"]
[Date "2024.01.02"]
[Round "7"]
[White "Dyachuk, Artem"]
[Black "Pasti, Aron"]
[Result "0-1"]
[Board "54"]
[TimeControl "180+1"]
[WhiteFideId "34107924"]
[BlackFideId "785857"]
[WhiteElo "2723"]
[BlackElo "2538"]
[WhiteTeam "UKR"]
[BlackTeam "HUN"]
[WhiteClock "0:00:03"]
[BlackClock "0:01:10"]

1. e4 c5 2. Nf3 e6 3. d4 cxd4 4. Nxd4 Nc6 5. Nc3 Qc7 6. Be2 a6 7. Be3 b5 8. Qd2 Bb7 9. O-O-O Nf6 10. f3 b4 11. Na4 d5 12. Nxc6 Bxc6 13. Nb6 Rb8 14. e5 Nd7 15. Nxd7 Bxd7 16. Bd4 b3 17. axb3 Rxb3 18. Kb1 Rb4 19. c3 Rb8 20. Qe3 Rb3 21. Rd2 Be7 22. Bd1 Rb7 23. h4 O-O 24. Be2 Rfb8 25. f4 Qa5 26. c4 Rb3 27. Rd3 dxc4 28. Rxb3 cxb3 29. Rd1 Qa2+ 30. Kc1 Bb4 31. Bc3 Qa1+ 32. Kd2 Qxb2+ 33. Ke1 Qxc3+ 34. Qxc3 Bxc3+ 35. Kf1 b2 36. Bd3 Bb5 37. Ke2 Bxd3+ 38. Rxd3 b1=Q 39. Rxc3 Qb2+ 40. Kd3 Rd8+ 41. Ke3 Qxc3+ 0-1